 Dungeon Crawl Stone Soup version 0.19.0-22-gd96e5fe (webtiles) character file.

122 Peake the Slasher (level 4, -4/33 HPs)
             Began as a Demonspawn Gladiator on Nov 18, 2016.
             Slain by Crazy Yiuf
             ... wielding a +2 quarterstaff of chaos
              (7 damage)
             ... on level 2 of the Dungeon on Nov 19, 2016.
             The game lasted 00:05:09 (1924 turns).

Peake the Slasher (Demonspawn Gladiator)            Turns: 1924, Time: 00:05:11

Health: -4/33      AC:  7    Str: 15    XL:     4   Next: 78%
Magic:  4/4        EV: 13    Int:  9    God:
Gold:   150        SH:  0    Dex: 15    Spells: 0 memorised, 3 levels left

rFire  . . .     SeeInvis .     a - +0 long sword
rCold  . . .     Gourm    .     e - +1 leather armour {rPois}
rNeg   . . .     Faith    .     (no shield)
rPois  +         Spirit   .     (helmet restricted)
rElec  .         Reflect  .     (no cloak)
rCorr  .         Harm     .     j - +2 pair of gloves
MR     .....                    (no boots)
Stlth  ++........               (no amulet)
                                (no ring)
                                (no ring)

@: no status effects
A: horns 1, rot immunity
a: no special abilities


You were on level 2 of the Dungeon.
You were not hungry.

You visited 1 branch of the dungeon, and saw 2 of its levels.

You collected 150 gold pieces.

Inventory:

Hand Weapons
 a - a +0 long sword (weapon)
Missiles
 d - 3 throwing nets (quivered)
 t - 45 stones
Armour
 b - a +0 leather armour
 c - a +0 helmet
 e - a +1 leather armour of poison resistance (worn)
 h - a +0 large shield
 j - a +2 pair of gloves (worn)
Scrolls
 i - 2 scrolls of amnesia {unknown}
 k - a scroll of immolation {unknown}
 n - 3 scrolls of teleportation {unknown}
 o - 2 scrolls of identify {unknown}
 p - 4 scrolls of remove curse {unknown}
 u - a scroll of blinking {unknown}
 v - a scroll of random uselessness {unknown}
Potions
 l - 2 potions of heal wounds {unknown}
 m - 2 potions of brilliance {unknown}
 q - a potion of resistance {unknown}
 r - a potion of ambrosia {unknown}
 s - a potion of flight {unknown}
Comestibles
 f - 3 bread rations
 g - 3 chunks of flesh


   Skills:
 - Level 2.0 Fighting
 + Level 4.7 Long Blades
 - Level 1.7 Throwing
 - Level 1.0 Armour
 - Level 2.6 Dodging
 - Level 1.0 Stealth


You had 3 spell levels left.
You didn't know any spells.

Dungeon Overview and Level Annotations

Branches:
Dungeon (2/15)

Altars:

Annotations:
D:2 Crazy Yiuf


Innate Abilities, Weirdness & Mutations

You have a pair of small horns on your head.
You are immune to rotting.


Message History

Crazy Yiuf says, "Gum!"
Crazy Yiuf completely misses you.
You hit Crazy Yiuf but do no damage.
Crazy Yiuf is moderately wounded.
Crazy Yiuf zaps a wand.
The puff of flame hits you!
You hit Crazy Yiuf.
Crazy Yiuf is heavily wounded.
Crazy Yiuf zaps a wand.
The puff of flame hits you!
* * * LOW HITPOINT WARNING * * *
You barely miss Crazy Yiuf. You headbutt Crazy Yiuf.
Crazy Yiuf is heavily wounded.
Crazy Yiuf zaps a wand.
The puff of flame hits you!
You slash Crazy Yiuf!
Crazy Yiuf is almost dead.
Crazy Yiuf closely misses you.
Okay, then.
You barely miss Crazy Yiuf.
Crazy Yiuf is almost dead.
Crazy Yiuf hits you with a quarterstaff of chaos!
You die...

#....#
#...#.#.####
##...#
##.##.......
##.##
#...........
##.#
#..###...#..
#.##
#..........#
##.#
#..###...###
#.## #..####.##
##'## #...# #.#
#.@.# #...# #.#
#.g.# #...# #)#
#)..# #..## #.#
##### #..# #.#
### #>.####.#
#.# #.......#
#.#
#######..######
#.#
#.............#
#.#
#.#.###.#####.#


You could see Crazy Yiuf.

Vanquished Creatures
  Terence (D:2)
  4 adders
  3 worms (D:2)
  2 dart slugs
  2 leopard geckos (D:2)
  2 giant cockroaches
  8 goblins
  6 hobgoblins
  6 kobolds
  A quokka (D:2)
  5 bats
  2 frilled lizards
  8 rats
50 creatures vanquished.

Notes
Turn   | Place    | Note
-------+----------+-------------------------------------------
     0 | D:1      | Peake the Demonspawn Gladiator began the quest for the Orb.
     0 | D:1      | Reached XP level 1. HP: 16/16 MP: 1/1
   102 | D:1      | Reached skill level 3 in Long Blades
   136 | D:1      | Gained mutation: You are immune to rotting. [demonic ancestry]
   136 | D:1      | Reached XP level 2. HP: 19/22 MP: 2/2
   676 | D:1      | Reached XP level 3. HP: 22/27 MP: 3/3
  1098 | D:2      | Reached skill level 1 in Stealth
  1156 | D:2      | Reached skill level 4 in Long Blades
  1189 | D:2      | Reached skill level 1 in Armour
  1189 | D:2      | Gained mutation: You have a pair of small horns on your head. [demonic ancestry]
  1189 | D:2      | Reached XP level 4. HP: 15/33 MP: 4/4
  1433 | D:2      | Noticed Terence
  1440 | D:2      | Killed Terence
  1527 | D:2      | Found a runed door.
  1916 | D:2      | Noticed Crazy Yiuf
  1924 | D:2      | Slain by Crazy Yiuf

Skill      XL: |  1  2  3 |
---------------+----------+-----
Long Blades    | 3 4 |  4.7
Stealth        | 1 |  1.0
Armour         | 1 |  1.0
Fighting       | |  2.0
Throwing       | |  1.7
Dodging        | |  2.6

Action                   |  1- 3 |  4- 6 || total
-------------------------+-------+-------++-------
Melee: Long sword        |   128 |    47 ||   175
       Headbutt          |       |    11 ||    11
 Stab: Sleeping          |     3 |       ||     3
  Eat: Chunk             |     1 |     3 ||     4
Armor: Leather armour    |    48 |    10 ||    58
Dodge: Dodged            |    94 |    27 ||   121
       Rpst.: Long sword |    32 |    10 ||    42
